 Dungeon Crawl Stone Soup version 0.28.0-45-g0d030f2227 (webtiles) character file.

Game seed: 8273834174135532396

66 safid the Skirmisher (level 4, -3/40 HPs)
             Began as a Hill Orc Fighter on Apr 14, 2022.
             Slain by a killer bee zombie (6 damage)
             ... in an ossuary.
             The game lasted 00:02:12 (1281 turns).

safid the Skirmisher (Hill Orc Fighter)             Turns: 1281, Time: 00:02:13

Health: -3/40      AC: 11    Str: 17 (20) XL:     4   Next: 15%
Magic:  4/4        EV:  9    Int:  6 (8)  God:
Gold:   30         SH:  4    Dex:  7 (10) Spells: 3/3 levels left

rFire   . . .      SeeInvis .   a - +0 war axe
rCold   . . .      Faith    .   c - +0 buckler
rNeg    . . .      Spirit   .   b - +0 scale mail
rPois   .          Reflect  .   (no helmet)
rElec   .          Harm     .   (no cloak)
rCorr   .          Rampage  .   (no gloves)
Will    .....                   (no boots)
Stlth   ..........              (no amulet)
HPRegen 0.13/turn               j - +4 ring of protection
MPRegen 0.09/turn               (no ring)

@: no status effects
A: no striking features
a: no special abilities


You were in an ossuary.
You visited 1 branch of the dungeon, and saw 3 of its levels.
You also visited: Ossuary.

You collected 30 gold pieces.

Inventory:

Hand Weapons
 a - a +0 war axe (weapon)
Missiles
 f - 6 poisoned darts (quivered)
Armour
 b - a +0 scale mail (worn)
 c - a +0 buckler (worn)
Jewellery
 j - a +4 ring of protection (left hand)
Scrolls
 g - 6 scrolls of identify {unknown}
Potions
 d - a potion of might


   Skills:
 - Level 4.0 Fighting
 + Level 3.9 Axes
 - Level 4.0 Armour
 - Level 4.0 Shields


You had 3 spell levels left.
You didn't know any spells.
Your spell library was empty.

Dungeon Overview and Level Annotations

Branches:
Dungeon (4/15)            Ossuary (1/1)
 Temple: D:4-7

Altars:


Message History

The killer bee zombie hits you but does no damage.
The killer bee zombie closely misses you.
Unknown command.
You closely miss the killer bee zombie.
The killer bee zombie is lightly damaged.
The killer bee zombie closely misses you.
The killer bee zombie hits you but does no damage.
You miss the killer bee zombie.
The killer bee zombie is lightly damaged.
The killer bee zombie closely misses you.
The killer bee zombie barely misses you.
The water moccasin zombie barely misses you.
You slash the killer bee zombie!
The killer bee zombie is severely damaged.
You slash the water moccasin zombie!
You block the killer bee zombie's attack.
The killer bee zombie closely misses you.
The water moccasin zombie barely misses you.
A bog mummy comes into view.
The killer bee zombie closely misses you.
The water moccasin zombie misses you.
You miss the killer bee zombie.
The killer bee zombie is severely damaged.
You hit the water moccasin zombie.
The killer bee zombie completely misses you.
The water moccasin zombie bites you but does no damage.
The killer bee zombie completely misses you.
Unknown command.
You barely miss the killer bee zombie.
The killer bee zombie is severely damaged.
You barely miss the water moccasin zombie.
You block the killer bee zombie's attack.
The water moccasin zombie bites you but does no damage.
The killer bee zombie closely misses you.
The water moccasin zombie bites you.
* * * LOW HITPOINT WARNING * * *
The killer bee zombie barely misses you.
This is a scroll of acquirement!
Something appears at your feet! The killer bee zombie hits you.
You die...

+.# #.# +.+
#.#####
+.#..∩#
#.'.∩.#
+.#...#
#.#####.###
+.Z@Z...M..
#+#+#+#'#+#


You could see a bog mummy, a water moccasin zombie and a killer bee zombie.

Vanquished Creatures
  3 mummies (Ossuary)
  A dart slug (D:1)
  2 bats
  3 endoplasms
  2 goblins
  3 hobgoblins (D:1)
  2 quokkas (D:1)
  5 ball pythons
  4 kobolds (D:1)
  3 rats (D:1)
28 creatures vanquished.

Vanquished Creatures (others)
  3 withered plants (Ossuary)
3 creatures vanquished.

Grand Total: 31 creatures vanquished

Notes
Turn   | Place    | Note
-------+----------+-------------------------------------------
     0 | D:1      | safid the Hill Orc Fighter began the quest for the Orb.
     0 | D:1      | Reached XP level 1. HP: 19/19 MP: 1/1
   197 | D:1      | Reached XP level 2. HP: 25/27 MP: 2/2
   735 | D:1      | Reached XP level 3. HP: 29/33 MP: 3/3
  1127 | D:2      | You fall into a shaft and drop 2 floors!
  1127 | D:4      | Found a sand-covered staircase.
  1237 | Ossuary  | Entered an ossuary
  1256 | Ossuary  | HP: 1/33 [mummy (6)]
  1269 | Ossuary  | Reached XP level 4. HP: 17/40 MP: 4/4
  1281 | Ossuary  | Identified a scroll of acquirement
  1281 | Ossuary  | Acquired 1044 gold pieces
  1281 | Ossuary  | Slain by a killer bee zombie

Illustrated notes

Levels and vault maps discovered:
D:1:      erik_arrival_orb_chamber, layout_basic
D:2:      layout_basic, chequers_ecumenical_altar_lobes, minmay_tiny_reverse_x
D:4:      layout_basic, gup_sewer_entry_pipe,
          lightli_ossuary_entry_decrepit_ruins, minmay_misc_feat_pillars,
          hex_large, kennysheep_nondescript
Ossuary:  ossuary_zaba_flooded

Skill      XL: |  1  2  3 |
---------------+----------+-----
Axes           | 3 |  3.9
Fighting       | 4 |  4.0
Armour         | 4 |  4.0
Shields        | 4 |  4.0

Action                   |  1- 3 |  4- 6 || total
-------------------------+-------+-------++-------
Melee: War axe           |    87 |    12 ||    99
  Use: Potion            |     2 |       ||     2
       Scroll            |       |     1 ||     1
Armor: Scale mail        |    39 |     7 ||    46
Dodge: Dodged            |    39 |    21 ||    60
Block: Buckler           |    20 |     2 ||    22
